 Dungeon Crawl Stone Soup version 0.28-a0-863-g8cecda6153 (webtiles) character file.

Game seed: 5252937550581612692

120 Ijustatesigmund the Skirmisher (level 4, -5/37 HPs)
             Began as a Demonspawn Fighter on Nov 18, 2021.
             Slain by a gnoll shaman (6 damage)
             ... on level 3 of the Dungeon.
             The game lasted 00:03:39 (2580 turns).

Ijustatesigmund the Skirmisher (Demonspawn Fighter) Turns: 2580, Time: 00:03:40

Health: -5/37      AC:  7    Str: 16    XL:     4   Next: 75%
Magic:  4/4        EV:  9    Int: 11    God:
Gold:   143        SH:  8    Dex: 12    Spells: 3/3 levels left

rFire   . . .      SeeInvis .   a - +0 war axe
rCold   . . .      Faith    .   c - +0 buckler
rNeg    . . .      Spirit   .   b - +0 scale mail
rPois   .          Reflect  .   (no helmet)
rElec   .          Harm     .   (no cloak)
rCorr   .          Rampage  .   j - +0 pair of gloves
Will    .....                   (no boots)
Stlth   ..........              (no amulet)
HPRegen 0.12/turn               (no ring)
MPRegen 0.09/turn               (no ring)

@: mighty, lit by a corona, glowing, invisible (but backlit and visible)
A: condensation shield
a: no special abilities


You were on level 3 of the Dungeon.
You visited 1 branch of the dungeon, and saw 3 of its levels.

You collected 198 gold pieces.
You spent 55 gold pieces at shops.

Inventory:

Hand Weapons
 a - a +0 war axe (weapon)
Missiles
 f - 5 javelins (quivered)
Armour
 b - a +0 scale mail (worn)
 c - a +0 buckler (worn)
 j - a +0 pair of gloves (worn)
Jewellery
 e - a ring of willpower
Potions
 d - a potion of might
 h - a potion of resistance {unknown}
 i - a potion of curing


   Skills:
 * Level 3.9 Fighting
 * Level 2.9 Axes
 + Level 3.1 Armour
 + Level 1.2 Dodging
 + Level 3.1 Shields


You had 3 spell levels left.
You didn't know any spells.
Your spell library contained the following spells:

 Spells                   Type           Power      Damage    Failure   Level
 Shock                    Conj/Air       0%         1d3       80%         1
 Swiftness                Air            0%         N/A       99%         3
 Airstrike                Air            0%         N/A       100%        4


Dungeon Overview and Level Annotations

Branches:
Dungeon (3/15)

Altars:
Dithmenos
Okawaru
Uskayaw

Shops:
D:2 !


Innate Abilities, Weirdness & Mutations

A meltable shield of frost defends you. (SH +4)


Message History

Found a thick jewelled staff.
A gnoll comes into view. It is wielding a +0 halberd.
Found a chain mail.
The gnoll barely misses you. 2 gnolls and a gnoll shaman come into view.
Found 11 gold pieces.
The gnoll shaman shouts!
The gnoll shouts! x2
The gnoll hits you with a +0 halberd!
You hit the gnoll shaman but do no damage.
You closely miss the gnoll. You block the gnoll's attack.
The gnoll shaman hits you but does no damage.
You slash the gnoll shaman!
The gnoll shaman is moderately wounded.
You closely miss the gnoll.
The gnoll hits you from afar with a +0 spear!
The gnoll hits you with a +0 halberd. You block the gnoll shaman's attack.
The gnoll hits you from afar with a +0 spear.
You block the gnoll's attack. You block the gnoll shaman's attack.
The gnoll hits you from afar with a +0 halberd.
You feel very mighty all of a sudden.
The gnoll hits you from afar with a +0 halberd.
* * * LOW HITPOINT WARNING * * *
The gnoll shaman invokes the aid of its god against you.
You are outlined in light.
You feel better. The gnoll hits you but does no damage.
The gnoll shaman barely misses you.
You closely miss the gnoll shaman.
The gnoll shaman is moderately wounded.
You block the gnoll's attack. You block the gnoll shaman's attack.
You hit the gnoll shaman.
The gnoll shaman is heavily wounded.
The gnoll hits you from afar with a +0 halberd!
* * * LOW HITPOINT WARNING * * *
The gnoll shaman hits you with a +0 club.
* * * LOW HITPOINT WARNING * * *
It was a potion of invisibility.
You become transparent, but the glow from your corona prevents you from becoming completely invisible.
You block the gnoll's attack.
The gnoll shaman hits you with a +0 club.
You die...

#.#####.##.#
#.##.....#.#
######.##.##..#.# .#
g≈.....##.##..#.# .#
≈≈............#.# .#
................##.#
≈≈........#.#....#g#
g≈.....####.#.##.#g#
##........#.#.##@#.#
.)....###.#.#.##.gg#
......# #.#.######
).....# #.#.#
......# #...#
......# #####
...#### ...# ...+


You could see a gnoll shaman and a gnoll.

Vanquished Creatures
  An orc wizard (D:3)
  A howler monkey zombie (D:3)
  3 adders
  2 dart slugs
  4 orcs
  5 bats
  2 endoplasms (D:2)
  2 giant cockroaches
  2 goblins
  5 hobgoblins
  2 jackals (D:1)
  4 quokkas
  2 ball pythons
  2 frilled lizards
  8 kobolds
  2 rats
  2 toadstools (D:2)
49 creatures vanquished.

Vanquished Creatures (others)
  2 fungi (D:2)
  2 toadstools (D:2)
4 creatures vanquished.

Grand Total: 53 creatures vanquished

Notes
Turn   | Place    | Note
-------+----------+-------------------------------------------
     0 | D:1      | Ijustatesigmund the Demonspawn Fighter began the quest for
                  | the Orb.
     0 | D:1      | Reached XP level 1. HP: 18/18 MP: 1/1
   368 | D:1      | Gained mutation: A meltable shield of frost defends you.
                  | (SH +4) [demonic ancestry]
   368 | D:1      | Reached XP level 2. HP: 24/24 MP: 2/2
  1142 | D:1      | Found a faded altar of an unknown god.
  1370 | D:2      | Reached XP level 3. HP: 26/29 MP: 3/3
  1374 | D:2      | Found Neeteah's Distillery.
  1412 | D:2      | Bought a potion of berserk rage for 55 gold pieces
  1827 | D:3      | Reached skill level 1 in Dodging
  1827 | D:3      | Reached XP level 4. HP: 6/37 MP: 4/4
  2340 | D:3      | Found a shadowy altar of Dithmenos.
  2345 | D:3      | Found a hide-covered altar of Uskayaw.
  2543 | D:3      | Found an iron altar of Okawaru.
  2579 | D:3      | HP: 1/37 [gnoll shaman (4)]
  2580 | D:3      | Slain by a gnoll shaman

Illustrated notes

Levels and vault maps discovered:
D:1:      ebering_hopf_link, layout_loops_ring, chequers_ecumenical_altar_grove
D:2:      layout_rooms, serial_shops,
          nicolae_shop_temple_entry_statues_fountains, minmay_gold_behind_fungi
D:3:      layout_basic, lightli_temple_of_fire, kennysheep_okawaru_gauntlet,
          mainiacjoe_overflow_catwalk_spiral

Skill      XL: |  1  2  3  4 |
---------------+-------------+-----
Axes           | 2 |  2.9
Armour         | 3 |  3.1
Dodging        | 1 |  1.2
Shields        | 3 |  3.1
Fighting       | |  3.9

Action                   |  1- 3 |  4- 6 || total
-------------------------+-------+-------++-------
Melee: War axe           |   110 |    47 ||   157
  Use: Scroll            |     4 |       ||     4
       Potion            |       |     4 ||     4
Armor: Scale mail        |    47 |    30 ||    77
Dodge: Dodged            |    43 |    29 ||    72
Block: Buckler           |    61 |    31 ||    92

Table legend: (Time is in decaauts)
 A = Elapsed time spent in this place.
 B = Non-inter-level travel time spent in this place.
 C = Inter-level travel time spent in this place.
 D = Time resting spent in this place.
 E = Time spent auto-exploring this place.
 F = Levels seen in this place.
 G = Mean time per level.
                   A        B        C        D        E       F      G
               +--------+--------+--------+--------+--------+-----+--------+
         Total |   2659 |   2584 |     75 |    613 |   1528 |   3 |  886.3 |
       Dungeon |   2659 |   2584 |     75 |    613 |   1528 |   3 |  886.3 |
               +--------+--------+--------+--------+--------+-----+--------+

Top non-repeatable levels by time:
     D:1: 1270 daAuts
     D:2: 1052 daAuts
     D:3: 335 daAuts
